 Dungeon Crawl Stone Soup version 0.30-a0-652-gcc886f7154 (console) character file.

Game seed: 9632671900787004669

119 jejorda2 the Poker (level 5, -7/42 HPs)
             Began as a Merfolk Berserker on Jan 17, 2023.
             Was a Believer of Trog.
             Killed by an exploding butterfly (13 damage)
             ... ignited by their inner flame
             ... on level 4 of the Dungeon.
             The game lasted 00:04:56 (2110 turns).

jejorda2 the Poker (Merfolk Berserker)              Turns: 2110, Time: 00:04:56

Health: -7/42      AC:  6    Str: 19    XL:     5   Next: 3%
Magic:  5/5        EV: 13    Int: 14    God:    Trog [**....]
Gold:   220        SH:  0    Dex: 16    Spells: 4/4 levels left

rFire   + . .      SeeInvis .    a - +0 trident
rCold   . . .      Faith    .    (no shield)
rNeg    . . .      Spirit   .    o - +0 leather armour of the Ageing Gods {Will++ Int+7}
rPois   .          Reflect  .    (no helmet)
rElec   .          Harm     .    (no cloak)
rCorr   .          Rampage  .    h - +2 pair of gloves {Dex+3}
Will    ++++.                    (no boots)
Stlth   +                        g - amulet of regeneration
HPRegen 2.07/turn                v - ring of protection from fire
MPRegen 0.09/turn                (no ring)

@: strong-willed, regenerating
A: (nimble swimmer 2), mertail
a: Renounce Religion, Berserk, Trog's Hand


You were on level 4 of the Dungeon.
You worshipped Trog.
Trog was pleased with you.
You visited 1 branch of the dungeon, and saw 4 of its levels.

You collected 220 gold pieces.

Inventory:

Hand Weapons
 a - a +0 trident (weapon)
Missiles
 d - 18 stones (quivered)
 s - a throwing net
Armour
 h - a +2 pair of gloves of dexterity (worn)
 o - the +0 leather armour of the Ageing Gods (worn) {Will++ Int+7}
   (You found it on level 2 of the Dungeon)

   Int:       It affects your intelligence (+7).
   Will:      It greatly increases your willpower.
Jewellery
 g - an amulet of regeneration (around neck)
 q - a ring of ice
 v - a ring of protection from fire (left hand)
Scrolls
 c - 5 scrolls of identify
 f - a scroll of silence
 m - a scroll of amnesia
 n - a scroll of poison
 t - a scroll of noise
Potions
 e - a potion of resistance {unknown}
 i - a potion of attraction {unknown}
 j - 3 potions of heal wounds
 p - a potion of mutation {unknown}
 r - a potion of curing {unknown}


   Skills:
 + Level 4.1 Fighting
 * Level 5.9 Polearms
 - Level 1.3 Armour
 + Level 4.0 Dodging


You had 4 spell levels left.
You didn't know any spells.
Your spell library was empty.

Dungeon Overview and Level Annotations

Branches:
Dungeon (4/15)
 Temple: D:4-7

Altars:
Wu Jian

Shops:
D:1 (


Innate Abilities, Weirdness & Mutations

((You are very nimble when in or above water. (Stealth+, EV+, Speed+++)))
Your lower body shifts to a powerful aquatic tail in water.


Message History

Your butterfly disappears in a burst of colours!
The fiery explosion engulfs your butterfly!
Your butterfly disappears in a burst of colours!
The fiery explosion engulfs your butterfly!!
Your butterfly disappears in a burst of colours!
Your butterfly explodes!
The fiery explosion engulfs your butterfly!!
Your butterfly disappears in a burst of colours!
Your butterfly explodes! x2
The fiery explosion engulfs your butterfly!!
Your butterfly disappears in a burst of colours!
The fiery explosion engulfs your butterfly!!
Your butterfly disappears in a burst of colours!
Your butterfly explodes!
The fiery explosion engulfs your butterfly!!
Your butterfly disappears in a burst of colours!
The fiery explosion engulfs your butterfly!!
Your butterfly disappears in a burst of colours!
The fiery explosion engulfs your butterfly!!
Your butterfly disappears in a burst of colours!
Your butterfly explodes! x2
The fiery explosion engulfs your butterfly!!!
Your butterfly disappears in a burst of colours!
Your butterfly explodes!
The fiery explosion engulfs your butterfly!!
Your butterfly disappears in a burst of colours!
The fiery explosion engulfs your butterfly!!
Your butterfly disappears in a burst of colours!
Your butterfly explodes!
The fiery explosion engulfs your butterfly!!
Your butterfly disappears in a burst of colours!
Your butterfly explodes! x2
The fiery explosion engulfs you! You resist.
* * * LOW HITPOINT WARNING * * *
Your butterfly explodes! x6
The fiery explosion engulfs your butterfly!!
Your butterfly disappears in a burst of colours!
Your butterfly explodes! x2
The fiery explosion engulfs you! You resist.
You die...

#§§ #§§ §§b # §§
.## .§#######§§##
######§§§§§§§§§.
§§bb§§§§§§§§§§## #
#§@§§§§§##. .##
#§§§§§§§#.♣#####♣.#
#§§§§§§§#.##.§§##.#
#§§§§§§§#)#.♣§♣§#.#
######§§§§#§§§§§§§#
####§#§♣§♣.#§# #.#
§.§##§# #.♣#####♣.#
##.......##


There were no monsters in sight!

Vanquished Creatures
  A hound (D:3)
  2 adders
  3 dart slugs
  2 ball pythons
  7 endoplasms
  3 giant cockroaches
  6 hobgoblins
  4 jackals
  5 kobolds
  4 quokkas
  4 bats
  3 frilled lizards
  7 goblins
  6 rats
57 creatures vanquished.

Notes
Turn   | Place    | Note
-------+----------+-------------------------------------------
     0 | D:1      | jejorda2 the Merfolk Berserker began the quest for the Orb.
     0 | D:1      | Reached XP level 1. HP: 18/18 MP: 1/1
   186 | D:1      | Reached XP level 2. HP: 24/24 MP: 2/2
   320 | D:1      | Found Suichiac's Weapon Shop.
   335 | D:1      | Reached ** piety under Trog
   336 | D:1      | Reached XP level 3. HP: 29/29 MP: 3/3
   709 | D:2      | Identified the +0 leather armour of the Ageing Gods {Will++
                  | Int+7}
   811 | D:2      | Reached skill level 5 in Polearms
  1410 | D:3      | Reached XP level 4. HP: 35/37 MP: 4/4
  1984 | D:3      | Found an ornate altar of the Wu Jian Council.
  2077 | D:4      | Reached XP level 5. HP: 42/42 MP: 5/5
  2110 | D:4      | Killed by an exploding butterfly... ignited by their inner
                  | flame

Illustrated notes

Levels and vault maps discovered:
D:1:      zaba_arrival_water, layout_rooms, serial_shops,
          nicolae_shop_bloodbath_and_beyond, kennysheep_decorative_pillar
D:2:      layout_basic, minivault_14, minmay_goblin_outpost
D:3:      layout_loops_ring, pdpol_wu_jian_five_deadly_venoms, minmay_quantized
D:4:      layout_basic, lemuel_tele_altar, nicolae_ossuary_entry_ruins,
          grunt_ministairs_11

Skill      XL: |  1  2  3  4 |
---------------+-------------+-----
Dodging        | 3 4 |  4.0
Polearms       | 5 |  5.9
Fighting       | 4 |  4.1
Armour         | |  1.3

Action                   |  1- 3 |  4- 6 || total
-------------------------+-------+-------++-------
Melee: Spear             |   128 |    23 ||   151
       Tailslap          |     5 |       ||     5
       Punch             |     1 |     1 ||     2
       Trident           |       |    25 ||    25
Invok: Berserk           |     1 |       ||     1
       Trog's Hand       |       |     1 ||     1
  Use: Scroll            |       |    10 ||    10
 Stab: Sleeping          |     3 |       ||     3
Armor: Animal skin       |     9 |       ||     9
       Leather armour    |    10 |    10 ||    20
Dodge: Dodged            |    60 |    21 ||    81

Table legend: (Time is in decaauts)
 A = Elapsed time spent in this place.
 B = Non-inter-level travel time spent in this place.
 C = Inter-level travel time spent in this place.
 D = Time resting spent in this place.
 E = Time spent auto-exploring this place.
 F = Levels seen in this place.
 G = Mean time per level.
                   A        B        C        D        E       F      G
               +--------+--------+--------+--------+--------+-----+--------+
         Total |   2085 |   2017 |     68 |     26 |   1585 |   4 |  521.2 |
       Dungeon |   2085 |   2017 |     68 |     26 |   1585 |   4 |  521.2 |
               +--------+--------+--------+--------+--------+-----+--------+

Top non-repeatable levels by time:
     D:3: 747 daAuts
     D:2: 698 daAuts
     D:1: 596 daAuts
     D:4: 42 daAuts
